AoeStats
← Aprendiendo

Arabia

507603946Analyzed
1v1 RM · 12d ago on Sep 19, 2026· 52m 9s· 2 players
Game mode
Random Map
Map size
Tiny (2 player)
Population
200
Speed
Normal
Resources
Standard
Victory
Conquest
Starting age
Dark Age
Ending age
Imperial Age
RankedLock teamsTeams togetherTeam positionsShared explorationLock speedFull tech treeHidden civsTurbo modeCheats
Victory
Defeat
🇦🇷 Teutons · Argentina
1223
+17
🇺🇸 Berbers · United States
1237
-17
Aprendiendo
6:38 Loom
9:23 Feudal Age
10:10 Double-Bit Axe
16:44 Wheelbarrow
18:22 Horse Collar
18:36 Gold Mining
20:50 Castle Age
19:28 Forging
20:18 Scale Barding Armor
23:25 Bloodlines
24:23 Bow Saw
24:31 Squires
23:52 Pikeman
24:33 Scale Mail Armor
27:09 Chain Mail Armor
28:08 Fletching
30:03 Iron Casting
31:24 Town Watch
32:40 Stone Mining
34:24 Heavy Plow
37:15 Hand Cart
39:48 Imperial Age
38:04 Chain Barding Armor
41:19 Plate Barding Armor
42:13 Blast Furnace
43:25 Conscription
43:56 Crop Rotation
43:22 Halberdier
44:21 Bodkin Arrow
44:10 Cavalier
45:28 Plate Mail Armor
45:51 Paladin
51:49 Town Patrol
Code Name: Raven
6:23 Loom
9:18 Feudal Age
9:55 Double-Bit Axe
9:53 Horse Collar
19:18 Wheelbarrow
22:48 Castle Age
21:52 Scale Barding Armor
22:03 Bloodlines
24:24 Forging
26:04 Husbandry
31:29 Chain Barding Armor
37:11 Iron Casting
42:18 Heavy Plow
44:12 Bow Saw
48:41 Imperial Age
48:02 Hand Cart
47:43 Fletching
49:31 Bodkin Arrow
52:28 Plate Barding Armor
52:10 Bracer
Connection lost

Rejoining the realm…

Still unreachable

The connection could not be restored.

Session expired

The server has moved on; the page needs a fresh start.